 Dungeon Crawl Stone Soup version 0.25-a0-663-gace7076 (webtiles) character file.

Game seed: 17773804232220917448, levelgen mode: deterministic

58 Charmandara the Stinger (level 3, -1/16 HPs)
             Began as a Spriggan Venom Mage on Mar 25, 2020.
             Slain by an orc priest
             ... wielding a +0 hand axe
              (9 damage)
             ... on level 3 of the Dungeon.
             The game lasted 00:05:00 (1767 turns).

Charmandara the Stinger (Spriggan Venom Mage)       Turns: 1767, Time: 00:05:00

Health: -1/16      AC:  3    Str:  4    XL:     3   Next: 75%
Magic:  3/8        EV: 18    Int: 17    God:
Gold:   169        SH:  0    Dex: 16    Spells: 2/8 levels left

rFire    . . .     SeeInvis +   n - +2 short sword (venom)
rCold    . . .     Gourm    .   (shield restricted)
rNeg     . . .     Faith    .   a - +0 robe
rPois    .         Spirit   .   (helmet restricted)
rElec    .         Reflect  .   j - +0 cloak
rCorr    .         Harm     .   (gloves unavailable)
MR       .....                  (boots unavailable)
Stlth    ++........             (no amulet)
HPRegen  0.05/turn              (no ring)
MPRegen  0.11/turn              (no ring)

@: very quick
A: very small, unfitting armour, see invisible, herbivore, speed 3, slow
metabolism 2
a: no special abilities


You were on level 3 of the Dungeon.
You were not hungry.

You visited 1 branch of the dungeon, and saw 3 of its levels.

You collected 169 gold pieces.

Inventory:

Hand Weapons
 n - a +2 short sword of venom (weapon)
   (You took it off a kobold on level 3 of the Dungeon)
Missiles
 e - 71 stones (quivered)
 m - 58 sling bullets
Armour
 a - a +0 robe (worn)
 j - a +0 cloak (worn)
   (You found it on level 1 of the Dungeon)
Wands
 b - a wand of flame (11)
   (You found it on level 3 of the Dungeon)
 k - a wand of digging (4)
   (You found it on level 2 of the Dungeon)
Scrolls
 d - a scroll of remove curse
 g - 2 scrolls of identify
 h - a scroll of magic mapping {!r}
 i - 2 scrolls of amnesia
 o - a scroll of fear
Potions
 f - a potion of haste
 l - a potion of flight
Comestibles
 c - 7 rations


   Skills:
 - Level 3.2 Dodging
 - Level 3.2 Stealth
 + Level 3.2 Spellcasting
 + Level 0.1 Conjurations
 + Level 2.4 Transmutations
 + Level 0.8 Air Magic
 * Level 3.7 Poison Magic


You had 2 spell levels left.
You knew the following spells:

 Your Spells              Type           Power        Failure   Level  Hunger
a - Sting                 Tmut/Pois      ##..         4%          1    None
b - Poisonous Vapours     Pois/Air       ##....       10%         2    ##.....
x - Mephitic Cloud        Conj/Pois/Air  #.......     26%         3    ###....

Your spell library contained the following spells:

 Spells                   Type           Power        Failure   Level  Hunger
 Ignite Poison            Fire/Tmut/Pois #.......     22%         3    ###....
 Olgreb's Toxic Radiance  Pois           ###.....     36%         4    ####...


Dungeon Overview and Level Annotations

Branches:
Dungeon (3/15)

Altars:


Innate Abilities, Weirdness & Mutations

You are very small and have problems with some larger weapons.
You are too small for most types of armour.
You have supernaturally acute eyesight. (SInv)
You are a herbivore.
You cover ground extremely quickly.
You need to consume almost no food.


Message History

b - a wand of flame (11)
Aim: an orc, wielding a +0 flail and wearing a +0 leather armour The sting hits the orc.
The orc is poisoned.
An orc comes into view. It is wielding a +0 whip.
You barely miss the orc. The orc closely misses you.
The orc shouts!
You hit the orc.
You kill the orc!
A rat comes into view.
Things that are here:
a +0 flail; a +0 leather armour You see here a scroll labeled PIYRPHYOLUM.
h - a scroll labeled PIYRPHYOLUM
Aim: an orc, wielding a +0 whip and wearing a +0 leather armour The sting hits the orc.
The orc is poisoned.
You now have 4/8 mp.
You hit the orc.
The orc looks even sicker.
The orc hits you but does no damage.
You hit the orc.
You kill the orc!
The rat misses you.
You hit the rat. The rat closely misses you.
You puncture the rat!
You kill the rat!
Things that are here:
a +0 whip; a +0 leather armour There isn't anything to butcher here.
Found a stone staircase leading up.
o - a scroll labeled ITWUEXI TIEDA
c - 7 rations (gained 1)
A frilled lizard comes into view.
MP restored: 8 A frilled lizard is nearby!
A frilled lizard is nearby!
A frilled lizard is nearby!
As you read the scroll of identify, it crumbles to dust.
o - a scroll of fear
As you read the scroll of identify, it crumbles to dust.
h - a scroll of magic mapping The frilled lizard hisses angrily.
A frilled lizard is nearby!
The frilled lizard bites you but does no damage.
You hit the frilled lizard.
You kill the frilled lizard!
You see here a frilled lizard corpse.
You see here a frilled lizard corpse.
Sorry, you're a herbivore.
An orc comes into view. It is wielding a +0 flail.
An orc is nearby!
An orc is nearby!
An orc comes into view. It is wielding a +0 flail.
The orc shouts! x2; You hear a shout!
The orc throws a boomerang.
The boomerang hits you but does no damage.
The weapon returns to the orc!
Found a stone staircase leading up.
You can't see any susceptible monsters within range! (Use Z to cast anyway.)
Aim: an orc, wielding a +0 flail and quivering 3 boomerangs The sting hits the orc.
The orc is poisoned.
You now have 7/8 mp.
The orc completely misses you.
You barely miss the orc. The orc hits you with a +0 flail!
Ouch! That really hurt!
You take 8 damage, and have 8/16 hp.
MASSIVE DAMAGE!!
An orc priest comes into view. It is wielding a +0 hand axe.
The orc throws a boomerang.
The boomerang completely misses you.
The weapon returns to the orc!
The orc throws a boomerang.
The boomerang closely misses you.
The weapon returns to the orc!
Aim: an orc, wielding a +0 flail The sting hits the orc.
The orc is poisoned.
You kill the orc!
You now have 6/8 mp.
Aim: an orc, wielding a +0 flail (severely wounded, poisoned)
The sting misses the orc.
You now have 5/8 mp.
You hit the orc.
You kill the orc!
Things that are here:
a +0 flail; an orc corpse Sorry, you're a herbivore.
You start resting.
The orc priest is too close now for your liking.
An orc priest is nearby!
An orc priest is nearby!
Aim: an orc priest, wielding a +0 hand axe and wearing a +0 leather armour The sting hits the orc priest but does no damage.
The orc priest is poisoned.
You now have 5/8 mp.
Aim: an orc priest, wielding a +0 hand axe and wearing a +0 leather armour (poisoned)
The sting hits the orc priest but does no damage.
The orc priest looks even sicker.
The orc priest closely misses you.
You now have 4/8 mp.
Aim: an orc priest, wielding a +0 hand axe and wearing a +0 leather armour (very poisoned)
The sting hits the orc priest but does no damage.
The orc priest looks even sicker.
The orc priest hits you with a +0 hand axe!
Ouch! That really hurt!
You die...

###.###.##....#
......†.......#####
..................
........#.#.###.#
##.######.......####
. # . ####.#..#.. o.
#.#..#.######<..
#...)#.#........
##...@o.......##
#..............
##......)....#
#......#.##.#
#..#.......
#..###.#..... #...
..###.#.. #..# ### #
# #...


You could see an orc priest.

Vanquished Creatures
  An adder (D:2)
  An ooze (D:3)
  A worm (D:2)
  4 orcs (D:3)
  A bat (D:2)
  2 giant cockroaches
  6 goblins (D:2)
  2 hobgoblins (D:2)
  4 jackals
  4 kobolds
  2 frilled lizards
  8 rats
36 creatures vanquished.

Notes
Turn   | Place    | Note
-------+----------+-------------------------------------------
     0 | D:1      | Charmandara the Spriggan Venom Mage began the quest for the
                  | Orb.
     0 | D:1      | Reached XP level 1. HP: 9/9 MP: 5/5
   557 | D:2      | Reached XP level 2. HP: 13/13 MP: 3/6
   627 | D:2      | Learned a level 2 spell: Poisonous Vapours
   877 | D:2      | Reached skill level 2 in Transmutations
   887 | D:2      | Reached skill level 3 in Spellcasting
   906 | D:2      | Reached XP level 3. HP: 12/16 MP: 0/8
  1352 | D:2      | Learned a level 3 spell: Mephitic Cloud
  1767 | D:3      | Slain by an orc priest

Levels and vault maps discovered:
D:1:      onia_arrival_pyramid, layout_basic, kennysheep_boxes
D:2:      layout_basic, first_ration, minivault_4
D:3:      kennysheep_big_flooded_room, layout_basic, small_statue_intersection,
          hex_large, uniq_ijyb

Skill      XL: |  1  2 |
---------------+-------+-----
Transmutations | 2 |  2.4
Spellcasting   | 3 |  3.2
Dodging        | |  3.2
Stealth        | |  3.2
Conjurations   | |  0.1
Air Magic      | |  0.8
Poison Magic   | |  3.7

Action                   || total
-------------------------++-------
Melee: Short sword       ||    47
       Spear             ||     1
 Cast: Sting             ||    43
  Use: Scroll            ||     9
 Stab: Sleeping          ||     2
Armor: Robe              ||     8
Dodge: Dodged            ||    44

Table legend:
 A = Non-vault XP
 B = Vault XP
 C = Vault XP percentage of total XP
 D = Non-vault monster count
 E = Vault monster count
 F = Vault count percentage of total count
                 A         B        C        D         E       F
            +---------+---------+-------+---------+---------+-------
      Total |      83 |       0 |   0.0 |      36 |       0 |   0.0
            +---------+---------+-------+---------+---------+-------
        D:1 |      10 |       0 |   0.0 |       6 |       0 |   0.0
        D:2 |      50 |       0 |   0.0 |      21 |       0 |   0.0
        D:3 |      23 |       0 |   0.0 |       9 |       0 |   0.0
            +---------+---------+-------+---------+---------+-------

Levels and vault maps discovered:
D:1:      onia_arrival_pyramid, layout_basic, kennysheep_boxes
D:2:      layout_basic, first_ration, minivault_4
D:3:      kennysheep_big_flooded_room, layout_basic, small_statue_intersection,
          hex_large, uniq_ijyb

Table legend:
 A = Turns spent in this place as a percentage of turns spent in the entire game.
 B = Non-inter-level travel turns spent in this place as a percentage of non-inter-level travel turns spent in the entire game.
 C = Inter-level travel turns spent in this place as a percentage of turns spent in this place.
 D = Turns resting spent in this place as a percentage of non-inter-level travel turns spent in this place.
 E = Turns spent auto-exploring this place as a percentage of non-inter-level travel turns spent in this place.
 F = Non-inter-level travel turns spent in this place divided by the number of levels of this place that you've seen.
                   A       B       C       D       E      F
               +-------+-------+-------+-------+-------+----------------------
         Total | 100.0 | 100.0 |   2.2 |  18.4 |  59.2 | 576.3
       Dungeon | 100.0 | 100.0 |   2.2 |  18.4 |  59.2 | 576.3
               +-------+-------+-------+-------+-------+----------------------

Table legend:
 A = Kills in this place as a percentage of kills in entire the game.
 B = Kills by you in this place as a percentage of kills by you in the entire game.
 C = Kills by friends in this place as a percentage of kills by friends in the entire game.
 D = Other kills in this place as a percentage of other kills in the entire game.
 E = Experience gained in this place as a percentage of experience gained in the entire game.
 F = Experience gained in this place divided by the number of levels of this place that you have seen.
                   A       B       C       D       E      F
               +-------+-------+-------+-------+-------+----------------------
         Total | 100.0 | 100.0 |   N/A |   N/A | 100.0 |  27.7
       Dungeon | 100.0 | 100.0 |   N/A |   N/A | 100.0 |  27.7
               +-------+-------+-------+-------+-------+----------------------
